 Dungeon Crawl Stone Soup version 0.27.0-1-g7a089689b8 (webtiles) character file.

Game seed: 1392005900705171860

29287 ZARRMARR the Thrower (level 13, -2/127 HPs)
             Began as a Troll Berserker on Aug 5, 2021.
             Was an Elder of Trog.
             Slain by an anaconda (9 damage)
             ... on level 1 of the Snake Pit.
             The game lasted 01:58:27 (19244 turns).

ZARRMARR the Thrower (Troll Berserker)             Turns: 19244, Time: 01:58:28

Health: -2/127     AC:  8    Str: 28    XL:     13   Next: 14%
Magic:  0/12       EV: 10    Int:  3    God:    Trog [****..]
Gold:   1537       SH:  0    Dex: 13    Spells: 12/12 levels left

rFire    . . .     SeeInvis .   g - +2 whip (elec)
rCold    + . .     Faith    .   (no shield)
rNeg     . . .     Spirit   +   V - +0 steam dragon scales
rPois    .         Reflect  .   m - +0 hat
rElec    .         Harm     .   A - +0 cloak {rCorr}
rCorr    +         Rampage  .   (gloves unavailable)
Will     .....                  (boots unavailable)
Stlth    ++........             h - amulet of guardian spirit
HPRegen  1.31/turn              E - ring of protection from cold
MPRegen  0.13/turn              (no ring)

@: lethally poisoned (-2 -> -3), about to teleport, slowed, constricted,
studying Throwing, very slow
A: large, unfitting armour, claws 3, regeneration 1, shaggy fur 1, tough skin 1
a: Renounce Religion, Berserk, Trog's Hand, Brothers in Arms


You were on level 1 of the Snake Pit.
You worshipped Trog.
Trog was greatly pleased with you.
You visited 3 branches of the dungeon, and saw 16 of its levels.
You also visited: Sewer.

You collected 1705 gold pieces.
You spent 168 gold pieces at shops.

Inventory:

Hand Weapons
 g - a +2 whip of electrocution (weapon)
 u - a +2 giant spiked club of venom
 K - the +7 short sword "Death Rattle" {flame, rCorr}
   (Trog gifted it to you on level 8 of the Dungeon)

   It burns those it strikes, dealing additional fire damage.
   rCorr:     It protects you from acid and corrosion.
 O - a +4 vorpal giant spiked club
Missiles
 c - 34 poisoned darts
 d - 8 datura-tipped darts
 f - 349 stones (quivered)
 s - 3 throwing nets
 I - a curare-tipped dart
Armour
 m - a +0 hat (worn)
 A - a +0 cloak of preservation (worn)
 H - +0 acid dragon scales
 V - +0 steam dragon scales (worn)
Jewellery
 h - an amulet of guardian spirit (around neck)
 o - a ring of resist corrosion
 E - a ring of protection from cold (left claw)
 Q - a ring of fire
Wands
 n - a wand of digging (9)
 r - a wand of flame (51)
 z - a wand of acid (29)
 C - a wand of charming (10)
 F - a wand of iceblast (7)
 L - a wand of paralysis (7)
 N - a wand of polymorph (7)
Scrolls
 e - 3 scrolls of magic mapping
 i - 5 scrolls of teleportation
 k - a scroll of holy word
 q - a scroll of enchant armour
 v - 2 scrolls of noise
 y - a scroll of vulnerability
 D - 2 scrolls of immolation
Potions
 b - 15 potions of curing
 j - 2 potions of lignification
 l - a potion of heal wounds
 p - 3 potions of cancellation
 w - a potion of attraction {unknown}
 x - 3 potions of berserk rage
 B - 2 potions of brilliance {unknown}
 G - 2 potions of mutation {unknown}
 J - 2 potions of flight
 M - 3 potions of haste
 R - a potion of might {unknown}
 S - 2 potions of resistance {unknown}
 T - 5 potions of ambrosia
Miscellaneous
 P - a phantom mirror (inert)


   Skills:
 + Level 8.1 Fighting
 + Level 10.6 Maces & Flails
 - Level 12.0 Throwing
 + Level 8.5 Dodging
 + Level 3.3 Stealth
 + Level 8.0 Unarmed Combat


You had 12 spell levels left.
You didn't know any spells.
Your spell library contained the following spells:

 Spells                   Type           Power      Damage    Failure   Level
 Foxfire                  Conj/Fire      0%         2x1d4     52%         1
 Blink                    Tloc           N/A        N/A       67%         2
 Sublimation of Blood     Necr           0%         N/A       67%         2
 Conjure Flame            Conj/Fire      0%         6-21      88%         3
 Frozen Ramparts          Ice            0%         1d2       88%         3
 Inner Flame              Hex/Fire       0%         N/A       88%         3
 Fulminant Prism          Conj/Hex       0%         3d6       99%         4
 Ice Form                 Ice/Tmut       0%         N/A       99%         4
 Iskenderun's Mystic Bla  Conj/Tloc      0%         2d3       99%         4
 Petrify                  Tmut/Erth      0%         N/A       99%         4
 Summon Ice Beast         Ice/Summ       0%         N/A       99%         4
 Irradiate                Conj/Tmut      0%         3d14      100%        5
 Lee's Rapid Deconstruct  Erth           0%         3d5*      100%        5
 Manifold Assault         Tloc           0%         N/A       100%        5
 Storm Form               Tmut/Air       0%         N/A       100%        7


Dungeon Overview and Level Annotations

Branches:
Dungeon (11/15)            Temple (0/1) D:5            Lair (4/6) D:8
  Swamp (0/4) Lair:4        Snake (1/4) Lair:4          Orc (0/2) D:11
  Sewer (visited)

Altars:
Ashenzari
Dithmenos
Elyvilon
Kikubaaqudgha
Nemelex Xobeh
Qazlal
Ru
Trog
The Shining One
Lugonu

Shops:
D:4 (   D:6 ?   D:8 (

Portals:
Abyss: D:4

Annotations:
D:10 Urug


Innate Abilities, Weirdness & Mutations

You are too large for most types of armour.
You have claws for hands.
Your natural rate of healing is unusually fast.
You are covered in fur. (AC +1)
You have tough skin. (AC +1)


Message History

Okay, then.
You feel sick.
Your guardian serpent shimmers and vanishes!
The naga dies!
Trog accepts your kill.
The guardian serpent coils itself and waves its upper body at your ogre.
The anaconda blinks into view!
The naga warrior blinks into view!
The naga blinks!
The naga mage blinks into view!
The anaconda grabs you.
The anaconda bites you but does no damage.
* * * LOW HITPOINT WARNING * * *
The anaconda constricts you. The naga barely misses your ogre. x2
The naga mage spits poison at you. The splash of poison hits your ogre!
Your ogre is poisoned.
The naga warrior hits your ogre with a +0 morningstar!!
The naga warrior grabs your ogre. The naga warrior constricts your ogre.
Your ogre hits the naga mage with a +0 giant spiked club.
As you read the scroll of fear, it crumbles to dust.
You assume a fearsome visage.
The anaconda resists with some effort.
The guardian serpent looks frightened!
The naga warrior looks frightened!
The naga mage looks frightened!
The naga looks frightened!
You feel sick. The anaconda closely misses you.
* * * LOW HITPOINT WARNING * * *
The anaconda constricts you. The anaconda bites you.
* * * LOW HITPOINT WARNING * * *
x2 The anaconda constricts you.
Your ogre hits the naga mage with a +0 giant spiked club!!
The naga warrior loses its grip on your ogre.
The anaconda closely misses you.
* * * LOW HITPOINT WARNING * * *
The anaconda constricts you.
As you read the scroll of teleportation, it crumbles to dust.
You feel strangely unstable.
You feel sick. The anaconda bites you.
* * * LOW HITPOINT WARNING * * *
x2 The anaconda constricts you.
Your ogre rages.
The anaconda bites you.
* * * LOW HITPOINT WARNING * * *
x2 The anaconda constricts you.
The anaconda bites you!
You die...

##.# #.# #.## ####
#..# ########..##
#..# ##..........#
##.# #.........$.##
#.# #............#
#.###..(.........#
#..##.((......@..#
#..#...........S..#
##O#...)........>.#
#..#......N....O.#
#NN##........N..N#
##..##..........##
..##.........>#
....#........##
###.


You could see a naga warrior (fleeing), an anaconda, a naga mage (strong,
fleeing, catching breath, ally target), a naga (strong, fleeing, catching
breath) and a friendly ogre (summoned, berserk, poisoned).

Vanquished Creatures
  3 boulder beetles
  5 hydras
  A two-headed ogre (D:8)
  3 elephants (Lair:4)
  2 black mambas
  8 cane toads
  A naga mage (Snake:1)
  4 rime drakes
  10 komodo dragons
  3 meliai (Lair:4)
  A queen bee (Lair:4)
  A polar bear (Lair:2)
  Grinder (D:4)
  A blink frog (Lair:4)
  23 yaks
  4 wyverns
  2 basilisks
  A steam dragon (Lair:4)
  A naga (Lair:4)
  An acid dragon (D:11)
  15 water moccasins
  3 orc warriors
  A sky beast (D:5)
  6 black bears
  8 ogres
  2 necrophages
  6 wolves
  4 centaurs
  2 phantoms (D:11)
  2 kobold brigands (D:8)
  11 bullfrogs
  4 scorpions
  A water moccasin skeleton (D:5)
  A troll zombie (D:11)
  34 killer bees
  7 wights
  An electric eel (Lair:1)
  3 centaur zombies
  A howler monkey (D:6)
  A bullfrog zombie (D:7)
  3 bullfrog skeletons
  A jelly (D:5)
  4 orc priests
  6 hounds
  3 gnoll shamans
  2 iguanas
  Natasha (thrice) (D:4)
  6 orc wizards
  7 ogre zombies (D:11)
  2 hound skeletons (D:5)
  9 gnolls
  8 adders
  2 river rats
  A shadow imp (D:7)
  2 adder skeletons (D:4)
  A worm (D:5)
  2 dart slugs
  13 orcs
  7 ball pythons
  6 bats
  5 endoplasms
  6 giant cockroaches
  2 goblins
  3 hobgoblins
  7 jackals
  4 quokkas
  8 frilled lizards (Sewer)
  A goblin skeleton (D:11)
  2 goblin zombies (D:11)
  2 hobgoblin skeletons (D:11)
  2 hobgoblin zombies (D:11)
  10 kobolds
  3 orc skeletons (D:11)
  15 orc zombies (D:11)
  6 rats
  A spectral hobgoblin (D:3)
  A lurking horror (D:4)
355 creatures vanquished.

Vanquished Creatures (collateral kills)
  A naga ritualist (Snake:1)
  An elephant (Lair:4)
  A rime drake (Lair:4)
  A basilisk (Lair:4)
  3 nagas (Snake:1)
  2 wolves (Lair:4)
  2 killer bees (Lair:4)
11 creatures vanquished.

Vanquished Creatures (others)
  47 fungi
  A lurking horror (D:4)
  80 plants
128 creatures vanquished.

Grand Total: 494 creatures vanquished

Notes
Turn   | Place    | Note
-------+----------+-------------------------------------------
     0 | D:1      | ZARRMARR the Troll Berserker began the quest for the Orb.
     0 | D:1      | Reached XP level 1. HP: 22/22 MP: 0/0
   269 | D:1      | Reached XP level 2. HP: 29/29 MP: 1/1
  1248 | D:2      | Reached ** piety under Trog
  1274 | D:2      | Reached skill level 1 in Throwing
  1274 | D:2      | Reached XP level 3. HP: 34/36 MP: 0/2
  1663 | D:3      | Found a faded altar of an unknown god.
  1921 | D:3      | Reached skill level 2 in Throwing
  1921 | D:3      | Reached XP level 4. HP: 44/44 MP: 3/3
  2227 | D:4      | Noticed Natasha
  2234 | D:4      | Killed Natasha
  2235 | D:4      | Reached XP level 5. HP: 52/52 MP: 2/4
  2329 | D:4      | Reached skill level 3 in Throwing
  2374 | D:4      | Noticed an ogre
  2383 | D:4      | Killed an ogre
  2384 | D:4      | Reached XP level 6. HP: 59/59 MP: 3/5
  2401 | D:4      | Found a corrupted altar of Lugonu.
  2403 | D:4      | Found a one-way gate to the infinite horrors of the Abyss.
  2403 | D:4      | Noticed Natasha
  2411 | D:4      | Killed Natasha
  2517 | D:4      | Noticed Natasha
  2525 | D:4      | Killed Natasha
  2776 | D:4      | Found Molag's Weapon Shoppe.
  2840 | D:4      | Reached skill level 4 in Throwing
  2855 | D:4      | Reached skill level 5 in Unarmed Combat
  2864 | D:4      | Found a white marble altar of Elyvilon.
  3078 | D:4      | Noticed Grinder
  3089 | D:4      | Paralysed by Grinder for 2 turns
  3094 | D:4      | Killed Grinder
  3095 | D:4      | Reached XP level 7. HP: 61/67 MP: 4/6
  3153 | D:4      | Reached *** piety under Trog
  3260 | D:4      | Reached skill level 5 in Throwing
  3435 | D:5      | Entered Level 5 of the Dungeon
  3481 | D:5      | Found a staircase to the Ecumenical Temple.
  3530 | D:5      | Found a glowing drain.
  3568 | Sewer    | Entered a sewer
  4293 | D:6      | Reached XP level 8. HP: 75/75 MP: 7/7
  4341 | D:6      | Reached skill level 6 in Throwing
  4907 | D:5      | Reached **** piety under Trog
  4908 | D:5      | Reached skill level 7 in Throwing
  5455 | D:5      | Identified 4 scrolls of acquirement
  5476 | D:5      | Reached XP level 9. HP: 83/83 MP: 8/8
  5843 | D:5      | Acquired a +0 cloak of preservation
  6129 | D:6      | Found Fauxtid's Magic Scroll Boutique.
  6142 | D:6      | Bought a scroll of identify for 28 gold pieces
  6142 | D:6      | Bought a scroll of identify for 28 gold pieces
  6142 | D:6      | Bought a scroll of identify for 28 gold pieces
  6142 | D:6      | Bought a scroll of identify for 28 gold pieces
  6142 | D:6      | Bought a scroll of identify for 28 gold pieces
  6142 | D:6      | Bought a scroll of identify for 28 gold pieces
  6473 | D:6      | Acquired a manual of Throwing
  6475 | D:6      | Acquired a manual of Throwing
  6508 | D:7      | Reached skill level 1 in Maces & Flails
  6643 | D:7      | Reached skill level 8 in Throwing
  6705 | D:7      | Reached skill level 1 in Stealth
  6981 | D:7      | Found a sacrificial altar of Ru.
  7140 | D:7      | Acquired 819 gold pieces
  7511 | D:8      | Reached skill level 9 in Throwing
  7511 | D:8      | Found a staircase to the Lair.
  7512 | D:8      | Noticed a komodo dragon
  7546 | D:7      | Reached ***** piety under Trog
 10087 | D:8      | Killed a komodo dragon
 10088 | D:8      | Reached skill level 5 in Dodging
 10088 | D:8      | Reached XP level 10. HP: 88/88 MP: 7/9
 10139 | D:8      | You fall into a shaft and drop 3 floors!
 10406 | D:11     | Noticed a five-headed hydra
 10416 | D:11     | Killed a five-headed hydra
 10417 | D:11     | Reached skill level 10 in Throwing
 10646 | D:11     | Noticed a boulder beetle
 10663 | D:11     | Killed a boulder beetle
 10759 | D:11     | Found a staircase to the Orcish Mines.
 11002 | D:10     | Entered Level 10 of the Dungeon
 11004 | D:10     | Found a glowing golden altar of the Shining One.
 11146 | D:10     | Reached skill level 11 in Throwing
 11161 | D:10     | Noticed Urug
 11622 | D:8      | Identified the +7 short sword "Death Rattle" {flame, rCorr}
                  | (Trog gifted it to you on level 8 of the Dungeon)
 11622 | D:8      | Received a gift from Trog
 11727 | D:8      | Reached skill level 5 in Maces & Flails
 11793 | D:8      | Noticed a two-headed ogre
 11813 | D:8      | Killed a two-headed ogre
 11814 | D:8      | Reached XP level 11. HP: 63/101 MP: 5/10
 11897 | D:8      | Found Otadisur's Weapon Emporium.
 11946 | D:8      | Reached skill level 5 in Fighting
 12081 | D:8      | Found a bloodstained altar of Trog.
 12082 | D:8      | Found a stormy altar of Qazlal.
 12082 | D:8      | Found an ancient bone altar of Kikubaaqudgha.
 12083 | D:8      | Found a sparkling altar of Nemelex Xobeh.
 12086 | D:8      | Found a shadowy altar of Dithmenos.
 12087 | D:8      | Found a broken altar of Ashenzari.
 12202 | Lair:1   | Entered Level 1 of the Lair of Beasts
 12265 | Lair:1   | Reached skill level 12 in Throwing
 12537 | Lair:1   | Noticed a five-headed hydra
 12546 | Lair:1   | Killed a five-headed hydra
 14187 | Lair:2   | Received a gift from Trog
 14267 | Lair:2   | Reached XP level 12. HP: 115/115 MP: 8/11
 14772 | Lair:3   | Noticed a five-headed hydra
 14785 | Lair:3   | Killed a five-headed hydra
 14891 | Lair:3   | Noticed an eight-headed hydra
 14906 | Lair:3   | Killed an eight-headed hydra
 15758 | Lair:3   | Noticed a boulder beetle
 15766 | Lair:3   | Killed a boulder beetle
 17019 | Lair:4   | Noticed a boulder beetle
 17038 | Lair:4   | Reached skill level 10 in Maces & Flails
 17049 | Lair:4   | Killed a boulder beetle
 17418 | Lair:4   | Noticed a six-headed hydra
 17425 | Lair:4   | Killed a six-headed hydra
 17744 | Lair:4   | Found a staircase to the Snake Pit.
 17998 | Lair:4   | Found a staircase to the Swamp.
 18198 | Lair:4   | Reached XP level 13. HP: 127/127 MP: 12/12
 18770 | Lair:4   | Received a gift from Trog
 19113 | Snake:1  | Entered Level 1 of the Snake Pit
 19244 | Snake:1  | Slain by an anaconda

Illustrated notes

Levels and vault maps discovered:
D:1:      sevenhm_arrival_forest_fort_small_5, layout_loops_ring,
          chequers_serial_rivers_large_a, minmay_misc_feat_tiny, fountainhead
D:2:      layout_basic, chequers_jeans, chequers_serial_rivers_micro_c,
          st_stairs_13, kennysheep_nub
D:3:      layout_basic, dreamdust_ecumenical_altar_drowned_temple
D:4:      layout_basic, nicolae_overflow_crystal_walls, serial_shops, shop,
          amcnicky_altar_lugonu_corruption, uniq_natasha, uniq_grinder
D:5:      layout_basic, minmay_temple_entry_mini_moons, gup_sewer_entry_bowl,
          minmay_joined_circles
D:6:      layout_rooms, serial_shops, shop
D:7:      layout_cave_pools, kennysheep_mini, minmay_curled_crystal,
          kennysheep_another_room
D:8:      layout_rooms, minitemple, due_lair_maze_entry_diamond, serial_shops,
          shop
D:9:      layout_roguey
D:10:     layout_loops_cross, amcnicky_altar_gilded, nrook_pool_corridor,
          hellmonk_bongcloud_opening, uniq_snorg, uniq_grum, uniq_urug,
          uniq_gastronok
D:11:     layout_basic, zombieorc2_lemuel, grunt_decor_fettered
Lair:1:   layout_loops_ring, serial_bayou_shore_b, infiniplex_staircase_pool,
          grunt_megastairs_2
Lair:2:   layout_gridlike, beast_lair_carwin_3, serial_bayou_shore_b
Lair:3:   layout_layer_cave, grunt_megastairs_3
Lair:4:   regret_index_wax_grids, layout_regular_city, swamp_mist,
          guppyfry_snake_entry_garden
Snake:1:  layout_cave_pods, uniq_azrael

Skill      XL: |  1  2  3  4  5  6  7  8  9 10 11 12 13 |
---------------+----------------------------------------+-----
Throwing       | 1 2 3 4 5 7 9 11 12 | 12.0
Unarmed Combat | 4 5 6 7 8 |  8.0
Fighting       | 3 4 6 7 8 |  8.1
Dodging        | 3 5 6 8 |  8.5
Maces & Flails | 3 5 8 10 | 10.6
Stealth        | 1 2 3 |  3.3

Action                   |  1- 3 |  4- 6 |  7- 9 | 10-12 | 13-15 || total
-------------------------+-------+-------+-------+-------+-------++-------
Melee: Unarmed           |    58 |    57 |   123 |       |       ||   238
       Punch             |       |     2 |     8 |    30 |     2 ||    42
       Whip              |       |       |   104 |   611 |    55 ||   770
       Giant spiked club |       |       |    12 |     2 |       ||    14
Throw: Dart              |    60 |    27 |    53 |   167 |    31 ||   338
       Stone             |     1 |    14 |    27 |    49 |    11 ||   102
       Boomerang         |       |       |    93 |   109 |       ||   202
Invok: Berserk           |     1 |     7 |    24 |    30 |     4 ||    66
       Trog's Hand       |       |       |     1 |     1 |       ||     2
       Brothers in Arms  |       |       |       |     1 |     3 ||     4
Evoke: Phantom mirror    |       |       |       |       |     1 ||     1
  Use: Scroll            |     4 |       |    18 |     7 |     5 ||    34
       Potion            |       |       |       |       |     4 ||     4
 Stab: Sleeping          |       |       |       |     2 |       ||     2
Armor: Animal skin       |    18 |     9 |    77 |    91 |       ||   195
       Steam dragon scal |       |       |       |       |    12 ||    12
Dodge: Dodged            |    28 |    20 |   151 |   300 |    30 ||   529
